 Dungeon Crawl Stone Soup version 0.17.1-3-g152610e (webtiles) character file.

61 MrTails the Skirmisher (level 3, 0/29 HPs)
             Began as a Demonspawn Berserker on Feb 24, 2016.
             Was a Believer of Trog.
             Slain by a gnoll
             ... wielding a +0 flail
              (5 damage)
             ... on level 2 of the Dungeon.
             The game lasted 00:03:19 (912 turns).

MrTails the Skirmisher (Demonspawn Berserker)        Turns: 912, Time: 00:03:20

Health: 0/29       AC:  7    Str: 18    XL:     3   Next: 83%
Magic:  3/3        EV: 11    Int:  8    God:    Trog [**....]
Gold:   47         SH:  0    Dex: 12    Spells: 0 memorised, 2 levels left

rFire  . . .     SeeInvis .     a - +0 hand axe
rCold  . . .     Clarity  .     f - +0 ring mail
rNeg   . . .     SustAt   .     (no shield)
rPois  .         Gourm    .     (no helmet)
rElec  .         Spirit   .     (no cloak)
rCorr  .         Warding  .     (no gloves)
rMut   .         Stasis   .     o - +0 pair of boots
MR     .....                    (no amulet)
Stlth  ++........               (no ring)
                                i - ring of flight

@: exhausted, slowed, very slow, not resistant to hostile enchantments,
unstealthy
A: rugged brown scales 1, nightstalker 1
a: Berserk, Trog's Hand, Burn Spellbooks, Renounce Religion, Evoke Flight


You were on level 2 of the Dungeon.
You worshipped Trog.
Trog was pleased with you.
You were very hungry.

You visited 1 branch of the dungeon, and saw 2 of its levels.

You collected 47 gold pieces.

Inventory:

Hand Weapons
 a - a +0 hand axe (weapon)
Armour
 b - a +0 animal skin
 f - a +0 ring mail (worn)
 o - a +0 pair of boots (worn)
Jewellery
 i - a ring of flight (left hand)
Scrolls
 e - a scroll of enchant armour {unknown}
 g - a scroll of magic mapping {unknown}
 h - 3 scrolls of identify {unknown}
 j - a scroll of enchant weapon {unknown}
 n - 2 scrolls of fear {unknown}
Potions
 d - a potion of haste {unknown}
 k - a potion of heal wounds {unknown}
 l - a potion of ambrosia {unknown}
Comestibles
 c - 3 bread rations
 m - a slice of pizza
 p - 2 chunks of flesh


   Skills:
 + Level 3.5 Fighting
 * Level 3.5 Axes
 + Level 2.4 Armour
 - Level 1.7 Dodging


You had 2 spell levels left.
You didn't know any spells.

Dungeon Overview and Level Annotations

Branches:
Dungeon (2/15)

Altars:


Innate Abilities, Weirdness & Mutations

You are partially covered in rugged brown scales (AC +1, +3% HP).
You are slightly more attuned to the shadows.


Message History

Trog accepts your kill.
You feel a strong urge to attack something.
You are no longer berserk.
You are exhausted.
You feel yourself slow down.
You are feeling very hungry.
The gnoll closely misses you. The gnoll closely misses you.
A gnoll comes into view. It is wielding a flail.
The gnoll closely misses you. The gnoll completely misses you.
The gnoll misses you. The gnoll closely misses you.
The gnoll barely misses you. The gnoll misses you. The gnoll barely misses you.
The gnoll hits you from afar with a halberd!
* * * LOW HITPOINT WARNING * * *
The gnoll barely misses you. The gnoll hits you with a flail.
You die...

#####.#.#.# #..#.#. .#
#...#.#.#.# ###..#. #.## (..
.##...#.#...# #..#..# #.#.....
......##...####..#.##
#.#.#...##
#...#..#..#.#.....###.#... ...
#)....###.....8.8.....#..###.#
#.#.#..#..#.#g....##..#.......
#.#.##...####g.#.####.#..#.#..
#.##.#...# #.@#..# #..<...#..
#.##g#.#.#####..#.# #......#..
#.##.#.#.#.##..#.#.##......#..
#.##...#...##....####.######.#
#.###..#..### ...# ... ......
#.# ##....#.# #... #### ####.#
#.# ##..##.## ...# #.. #.#
#...#.#.# ### ####.###.##.##.#
#


You could see 2 gnolls.

Vanquished Creatures
  A gnoll (D:2)
  3 adders (D:2)
  A worm (D:2)
  2 giant geckos
  A giant cockroach (D:1)
  2 hobgoblins (D:1)
  5 jackals (D:2)
  A ball python (D:2)
  2 bats (D:1)
  2 goblins (D:1)
  2 kobolds (D:1)
  2 rats (D:1)
24 creatures vanquished.

Notes
Turn   | Place    | Note
--------------------------------------------------------------
     0 | D:1      | MrTails the Demonspawn Berserker began the quest for the Orb.
     0 | D:1      | Reached XP level 1. HP: 18/18 MP: 1/1
   196 | D:1      | Gained mutation: You are slightly more attuned to the shadows. [demonic ancestry]
   196 | D:1      | Reached XP level 2. HP: 6/24 MP: 2/2
   509 | D:2      | Gained mutation: You are partially covered in rugged brown scales (AC +1, +3% HP). [demonic ancestry]
   509 | D:2      | Reached XP level 3. HP: 15/29 MP: 3/3
   825 | D:2      | Reached ** piety under Trog
   912 | D:2      | Slain by a gnoll

Action                   || total
-------------------------++-------
Melee: Hand axe          ||   109
Invok: Berserk           ||     2
 Stab: Sleeping          ||     5
  Eat: Chunk             ||     1
